AoeStats
← BETERRRRR

Arena

507686327Analyzed
4v4 RM · 15d ago on Sep 19, 2026· 79m 34s· 8 players
Game mode
Random Map
Map size
Large (8 player)
Population
200
Speed
Normal
Resources
Standard
Victory
Conquest
Starting age
Dark Age
Ending age
Imperial Age
RankedLock teamsTeams togetherTeam positionsShared explorationLock speedFull tech treeHidden civsTurbo modeCheats
Victory
Defeat
🇹🇷 Saracens · Türkiye
1178
+13
🇺🇸 Shu · United States
1158
+14
🇨🇳 Dravidians · China
1076
+17
🇨🇳 Franks · China
1043
+17
🇻🇳 Teutons · Vietnam
1140
-17
🇹🇼 Britons · Taiwan
1121
-16
1087
-15
🇻🇳 Franks · Vietnam
1051
-13
浮槎万里获星河
10:15 Feudal Age
14:06 Castle Age
12:04 Double-Bit Axe
12:03 Horse Collar
17:04 Loom
21:01 Wheelbarrow
21:26 Heavy Plow
23:31 Bow Saw
28:16 Imperial Age
25:48 Gold Mining
26:17 Bloodlines
26:35 Husbandry
27:18 Gold Shaft Mining
27:57 Forging
28:15 Town Watch
27:53 Cavalier
29:06 Scale Barding Armor
29:36 Light Cavalry
29:58 Capped Ram
30:38 Pikeman
31:19 Squires
31:04 Gambesons
31:41 Stone Mining
32:32 Conscription
32:32 Heavy Camel Rider
33:37 Scale Mail Armor
35:14 Iron Casting
35:01 Chain Barding Armor
34:31 Halberdier
36:19 Chain Mail Armor
37:06 Blast Furnace
36:23 Halberdier
39:02 Plate Barding Armor
38:58 Plate Mail Armor
41:08 Stone Shaft Mining
40:16 Savar
46:32 Two-Man Saw
46:54 Hussar
49:46 Crop Rotation
50:17 Man-at-Arms
53:19 Crossbowman
54:04 Thumb Ring
53:54 Long Swordsman
54:44 Caravan
55:49 Kamandaran
55:41 Fletching
55:52 Padded Archer Armor
55:24 Siege Ram
60:44 Ballistics
60:46 Hand Cart
60:31 Town Patrol
60:46 Elite War Elephant
64:02 Chemistry
69:08 Bodkin Arrow
69:29 Leather Archer Armor
gina2620
10:54 Feudal Age
14:41 Castle Age
13:27 Double-Bit Axe
13:23 Horse Collar
22:30 Heavy Plow
22:42 Bow Saw
28:19 Imperial Age
26:29 Wheelbarrow
25:39 Loom
25:39 Town Watch
26:04 Crossbowman
27:04 Town Patrol
26:59 Fletching
27:09 Padded Archer Armor
27:33 Ballistics
27:06 Gold Mining
27:44 Hand Cart
28:55 Gold Shaft Mining
30:09 Chemistry
29:32 Bodkin Arrow
29:53 Leather Archer Armor
29:28 Arbalester
32:57 Bracer
33:27 Ring Archer Armor
33:30 Conscription
34:31 Ring Archer Armor
34:15 Squires
33:35 Pikeman
35:06 Murder Holes
35:21 Masonry
35:22 Fortified Wall
36:53 Two-Man Saw
35:18 Halberdier
37:37 Forging
37:27 Scale Mail Armor
39:14 Iron Casting
41:49 Blast Furnace
41:04 Chain Mail Armor
43:21 Warwolf
43:46 Yeomen
57:09 Plate Mail Armor
58:11 Caravan
61:47 Elite Longbowman
69:21 Arson
Vĩnh Nguyễn HCMCity
11:36 Feudal Age
15:56 Castle Age
14:45 Double-Bit Axe
14:54 Gold Mining
25:01 Scale Barding Armor
31:56 Imperial Age
31:22 Wheelbarrow
30:59 Bow Saw
31:27 Gold Shaft Mining
30:43 Stone Mining
32:57 Hand Cart
32:19 Cavalier
34:27 Conscription
38:30 Chain Barding Armor
42:13 Paladin
43:18 Husbandry
44:10 Forging
45:24 Plate Barding Armor
50:51 Iron Casting
50:35 Light Cavalry
51:25 Caravan
51:57 Coinage
53:18 Loom
55:16 Chemistry
54:12 Murder Holes
64:44 Fletching
64:54 Padded Archer Armor
65:55 Blast Furnace
64:21 Elite Skirmisher
datdzvcl
5:41 Loom
8:56 Feudal Age
9:34 Double-Bit Axe
11:53 Fletching
24:49 Castle Age
27:41 Bow Saw
27:40 Gold Mining
28:21 Guard Tower
28:39 Bodkin Arrow
29:47 Fortified Wall
35:11 Imperial Age
35:40 Imperial Age
33:28 Horse Collar
34:56 Ballistics
34:33 Stone Mining
35:44 Capped Ram
38:58 Heavy Scorpion
42:42 Chemistry
43:25 Scale Mail Armor
43:04 Pikeman
43:46 Squires
43:45 Halberdier
44:55 Chain Mail Armor
44:51 Forging
46:08 Two-Man Saw
45:11 Heavy Plow
48:44 Two-Man Saw
48:50 Wheelbarrow
50:16 Hand Cart
50:06 Arson
51:21 Keep
52:56 Conscription
54:14 Man-at-Arms
54:39 Gambesons
55:30 Forging
54:46 Long Swordsman
56:11 Guilds
55:24 Two-Handed Swordsman
56:22 Champion
57:13 Town Watch
58:47 Plate Mail Armor
65:00 Padded Archer Armor
994327805
12:06 Feudal Age
12:25 Man-at-Arms
12:51 Arson
14:19 Arson
15:13 Scale Mail Armor
16:20 Forging
22:58 Castle Age
23:04 Pikeman
24:03 Chain Mail Armor
24:55 Long Swordsman
25:21 Gambesons
26:36 Squires
27:04 Loom
28:52 Iron Casting
29:33 Gold Mining
30:15 Double-Bit Axe
36:27 Imperial Age
35:40 Wheelbarrow
36:38 Halberdier
37:55 Plate Mail Armor
41:13 Blast Furnace
43:55 Bow Saw
43:25 Horse Collar
43:47 Town Watch
46:09 Two-Man Saw
45:10 Heavy Plow
45:02 Stone Mining
48:41 Hand Cart
48:01 Two-Handed Swordsman
49:02 Town Patrol
49:29 Fortified Wall
49:01 Champion
50:32 Conscription
50:32 Medical Corps
50:59 Wootz Steel
53:48 Medical Corps
53:04 Elite Urumi Swordsman
55:13 Hoardings
65:24 Masonry
65:35 Ballistics
65:36 Siege Elephant
66:38 Fletching
66:48 Padded Archer Armor
67:57 Chemistry
67:53 Bodkin Arrow
68:38 Leather Archer Armor
69:45 Elite Skirmisher
72:52 Bracer
73:22 Ring Archer Armor
74:20 Murder Holes
Echo
10:47 Feudal Age
11:33 Loom
21:12 Castle Age
29:56 Double-Bit Axe
31:53 Fletching
36:30 Horse Collar
37:14 Heavy Plow
37:29 Bow Saw
40:00 Wheelbarrow
41:13 Scale Mail Armor
41:24 Forging
42:40 Chain Mail Armor
41:48 Pikeman
45:23 Hand Cart
50:18 Imperial Age
48:03 Padded Archer Armor
49:56 Crossbowman
50:43 Thumb Ring
51:10 Leather Archer Armor
50:50 Bodkin Arrow
51:10 Leather Archer Armor
52:44 Bracer
53:15 Ring Archer Armor
58:46 Chemistry
58:06 Ballistics
59:59 Ring Archer Armor
59:59 Bolt Magazine
60:15 Arbalester
61:44 Gold Mining
62:58 Two-Man Saw
65:35 Conscription
69:52 Elite White Feather Guard
72:42 Siege Engineers
72:24 Elite Skirmisher
随风
0:36 Loom
11:03 Feudal Age
11:47 Double-Bit Axe
16:16 Castle Age
17:21 Bow Saw
21:11 Wheelbarrow
22:09 Hand Cart
25:04 Gold Mining
29:57 Imperial Age
28:59 Scale Barding Armor
29:04 Forging
29:42 Gold Shaft Mining
28:59 Stone Mining
29:48 Husbandry
30:11 Chain Barding Armor
31:07 Iron Casting
30:28 Cavalier
31:10 Chivalry
32:23 Plate Barding Armor
32:18 Masonry
31:49 Paladin
33:47 Architecture
34:23 Blast Furnace
34:09 Fletching
35:17 Arrowslits
42:41 Bodkin Arrow
47:32 Pikeman
48:13 Squires
47:58 Arson
48:21 Halberdier
49:05 Scale Mail Armor
50:42 Chain Mail Armor
52:08 Hoardings
54:00 Plate Mail Armor
54:22 Hoardings
54:21 Fortified Wall
55:36 Padded Archer Armor
55:46 Gambesons
55:21 Man-at-Arms
56:10 Elite Skirmisher
57:09 Leather Archer Armor
57:19 Ballistics
57:07 Siege Engineers
56:36 Long Swordsman
57:34 Two-Handed Swordsman
58:41 Champion
66:41 Chemistry
69:33 Murder Holes
BETERRRRR
10:58 Feudal Age
14:47 Castle Age
13:08 Double-Bit Axe
13:04 Horse Collar
14:50 Wheelbarrow
16:33 Bow Saw
22:06 Gold Mining
24:36 Loom
29:03 Imperial Age
27:35 Heavy Plow
28:10 Hand Cart
28:16 Hand Cart
28:28 Bloodlines
28:19 Husbandry
28:27 Scale Barding Armor
28:33 Forging
29:09 Bloodlines
29:57 Chain Barding Armor
30:53 Two-Man Saw
30:17 Heavy Camel Rider
32:25 Conscription
32:31 Gold Mining
35:19 Plate Barding Armor
34:36 Light Cavalry
37:30 Gold Shaft Mining
37:34 Stone Mining
38:40 Murder Holes
38:26 Treadmill Crane
39:47 Chemistry
38:58 Masonry
39:53 Ballistics
39:44 Fortified Wall
40:12 Hussar
42:54 Counterweights
44:33 Siege Engineers
47:17 Iron Casting
48:39 Fletching
50:01 Blast Furnace
54:58 Caravan
60:03 Bodkin Arrow
60:05 Elite Skirmisher
61:54 Thumb Ring
62:35 Bracer
62:58 Town Watch
64:43 Padded Archer Armor
68:13 Town Patrol
70:37 Leather Archer Armor
Connection lost

Rejoining the realm…

Still unreachable

The connection could not be restored.

Session expired

The server has moved on; the page needs a fresh start.